AoeStats
← Jugador08479147

Fortress

510032621Analyzed
4v4 RM · 2d ago on Sep 29, 2026· 61m 54s· 8 players
Game mode
Random Map
Map size
Huge
Population
200
Speed
Normal
Resources
Standard
Victory
Conquest
Starting age
Dark Age
Ending age
Imperial Age
RankedLock teamsTeams togetherTeam positionsShared explorationLock speedFull tech treeHidden civsTurbo modeCheats
Victory
Defeat
🇸🇬 Huns · Singapore
765
+12
🇦🇷 Poles · Argentina
765
+12
🇨🇳 Huns · China
744
+12
🇲🇽 Goths · Mexico
561
+19
🇵🇪 Vikings · Peru
680
-15
🇨🇷 Ethiopians · Costa Rica
671
-14
🇦🇷 Georgians · Argentina
651
-13
🇨🇴 Burgundians · Colombia
638
-13
Jugador08479147
2:32 Double-Bit Axe
4:22 Horse Collar
7:27 Gold Mining
10:26 Feudal Age
10:27 Wheelbarrow
10:36 Stone Mining
10:33 Man-at-Arms
12:45 Bow Saw
19:45 Castle Age
18:33 Stone Shaft Mining
18:36 Gold Shaft Mining
19:49 Cavalier
19:52 Long Swordsman
24:55 Hand Cart
25:49 Light Cavalry
31:18 Imperial Age
32:54 Conscription
33:59 Chemistry
33:20 Ballistics
33:03 Paladin
36:43 Two-Man Saw
42:43 Pikeman
DavidxGabriel
1:36 Loom
9:01 Feudal Age
12:44 Double-Bit Axe
13:01 Gold Mining
15:32 Castle Age
15:11 Town Watch
15:18 Stone Mining
16:37 Bow Saw
17:04 Gold Shaft Mining
17:41 Town Patrol
17:48 Squires
19:54 Forging
20:11 Fletching
22:11 Bodkin Arrow
22:40 Ballistics
22:19 Murder Holes
22:04 Treadmill Crane
23:41 Pikeman
24:23 Scale Mail Armor
26:40 Iron Casting
27:43 Fortified Wall
32:43 Imperial Age
31:01 Chain Mail Armor
30:33 Arson
30:50 Padded Archer Armor
31:20 Horse Collar
32:45 Chieftains
34:57 Blast Furnace
35:17 Plate Mail Armor
37:12 Bracer
36:44 Heavy Scorpion
38:29 Chemistry
39:10 Caravan
39:15 Elite Berserk
40:24 Leather Archer Armor
40:39 Siege Engineers
41:58 Ring Archer Armor
43:44 Heavy Plow
44:11 Onager
45:52 Elite Varangian Guard
46:38 Scale Barding Armor
54:47 Arrowslits
Wobbuffet3383
0:53 Loom
2:33 Loom
3:11 Loom
9:58 Feudal Age
10:43 Double-Bit Axe
10:40 Horse Collar
10:55 Gold Mining
10:58 Stone Mining
15:33 Castle Age
14:28 Arson
24:55 Imperial Age
23:34 Squires
25:52 Royal Heirs
27:07 Crossbowman
28:17 Capped Ram
30:27 Thumb Ring
30:27 Arbalester
45:24 Siege Ram
DiamanteX3191
8:27 Feudal Age
10:30 Wheelbarrow
9:45 Double-Bit Axe
9:42 Horse Collar
9:54 Gold Mining
10:49 Loom
14:16 Castle Age
17:26 Stone Mining
17:49 Bow Saw
18:25 Hand Cart
18:48 Stone Shaft Mining
19:54 Heavy Plow
24:41 Ballistics
26:57 Imperial Age
25:58 Town Watch
27:09 Masonry
28:28 Crop Rotation
30:10 Fervor
30:21 Sanctity
32:25 Chemistry
30:52 Elite Monaspa
34:17 Conscription
34:29 Conscription
35:52 Scale Barding Armor
36:15 Forging
36:28 Bloodlines
36:34 Husbandry
37:11 Chain Barding Armor
37:58 Iron Casting
38:34 Cavalier
39:27 Svan Towers
40:04 Plate Barding Armor
41:59 Blast Furnace
50:09 Caravan
51:48 Hoardings
51:50 Architecture
51:28 Siege Engineers
51:19 Murder Holes
51:05 Treadmill Crane
51:16 Arrowslits
Marco 1985 MÉXICO City
1:16 Loom
7:13 Feudal Age
9:16 Double-Bit Axe
13:57 Horse Collar
14:18 Gold Mining
14:43 Scale Barding Armor
16:14 Wheelbarrow
16:15 Fletching
20:39 Castle Age
18:54 Bloodlines
19:23 Town Watch
19:34 Stone Mining
21:23 Husbandry
21:29 Squires
20:57 Pikeman
21:43 Anarchy
22:53 Light Cavalry
24:11 Stone Shaft Mining
24:11 Chain Barding Armor
24:19 Hand Cart
24:46 Town Patrol
26:20 Bow Saw
28:47 Imperial Age
28:31 Town Patrol
32:05 Forging
31:56 Scale Mail Armor
33:31 Two-Man Saw
32:35 Heavy Plow
34:20 Crop Rotation
33:31 Sappers
34:51 Perfusion
36:30 Caravan
40:21 Elite Huskarl
41:54 Halberdier
48:04 Iron Casting
48:38 Chain Mail Armor
50:18 Blast Furnace
53:17 Bodkin Arrow
55:07 Guilds
Soldaris
2:02 Loom
8:45 Feudal Age
9:13 Double-Bit Axe
10:06 Wheelbarrow
9:22 Horse Collar
10:28 Gold Mining
12:02 Fletching
12:20 Stone Mining
16:42 Castle Age
17:47 Bow Saw
17:40 Heavy Plow
24:58 Caravan
26:25 Gold Shaft Mining
26:51 Hand Cart
31:20 Bodkin Arrow
35:00 Imperial Age
33:43 Forging
33:39 Scale Barding Armor
34:12 Scale Mail Armor
34:13 Padded Archer Armor
34:15 Marauders
33:39 Pikeman
34:20 Squires
35:03 Sanctity
35:39 Bloodlines
35:30 Husbandry
36:47 Two-Man Saw
35:59 Murder Holes
37:05 Chemistry
36:26 Ballistics
36:43 Iron Casting
36:29 Chain Barding Armor
37:00 Masonry
36:12 Elite Tarkan
37:14 Conscription
41:19 Plate Barding Armor
41:44 Blast Furnace
40:45 Bracer
41:39 Halberdier
51:34 Chain Mail Armor
51:34 Leather Archer Armor
58:54 Thumb Ring
59:15 Parthian Tactics
58:10 Heavy Cavalry Archer
58:11 Crossbowman
Junran
8:33 Feudal Age
10:38 Horse Collar
10:46 Double-Bit Axe
11:12 Loom
18:05 Castle Age
18:58 Heavy Plow
20:05 Bloodlines
20:46 Caravan
21:51 Husbandry
21:42 Light Cavalry
24:25 Wheelbarrow
26:38 Bow Saw
29:16 Imperial Age
27:53 Elite Skirmisher
29:14 Gold Mining
30:15 Szlachta Privileges
31:42 Hand Cart
31:19 Winged Hussar
31:22 Cavalier
32:21 Thumb Ring
33:17 Forging
34:04 Coinage
35:08 Town Watch
35:34 Scale Barding Armor
36:02 Conscription
35:13 Pikeman
38:19 Iron Casting
38:05 Chain Barding Armor
37:37 Crossbowman
38:10 Fletching
38:22 Scale Mail Armor
37:56 Elite Obuch
39:40 Banking
39:34 Squires
41:09 Blast Furnace
40:45 Capped Ram
43:15 Siege Ram
49:36 Chain Mail Armor
49:18 Bodkin Arrow
51:31 Plate Mail Armor
51:50 Lechitic Legacy
51:57 Bracer
56:29 Chemistry
55:50 Ballistics
1279332839
0:29 Loom
9:39 Feudal Age
14:39 Castle Age
12:37 Horse Collar
12:46 Double-Bit Axe
15:47 Wheelbarrow
17:07 Gold Mining
17:07 Stone Mining
18:42 Heavy Plow
18:56 Bow Saw
22:34 Marauders
24:11 Gold Shaft Mining
23:53 Bloodlines
23:43 Husbandry
24:23 Hand Cart
23:55 Town Watch
26:28 Light Cavalry
27:57 Scale Barding Armor
28:08 Forging
29:09 Chain Barding Armor
34:00 Imperial Age
37:30 Plate Barding Armor
37:31 Iron Casting
38:57 Scale Mail Armor
40:34 Blast Furnace
39:00 Capped Ram
40:33 Elite Tarkan
41:04 Pikeman
41:45 Squires
41:31 Arson
42:30 Chain Mail Armor
43:19 Hussar
45:16 Halberdier
58:34 Murder Holes
Connection lost

Rejoining the realm…

Still unreachable

The connection could not be restored.

Session expired

The server has moved on; the page needs a fresh start.